 Dungeon Crawl Stone Soup version 0.18-a0-1353-gf2a912f (webtiles) character file.

295 KarvaRausku the Ducker (level 6, -7/25 HPs)
             Began as a Felid Conjurer on Feb 16, 2016.
             Killed from afar by an orc wizard (9 damage)
             ... with a puff of frost
             ... on level 3 of the Dungeon on Feb 19, 2016.
             The game lasted 00:26:37 (4297 turns).

KarvaRausku the Ducker (Felid Conjurer)             Turns: 4297, Time: 00:26:37

Health: -7/25      AC:  2    Str:  4    XL:     6   Next: 11%
Magic:  7/12       EV: 21    Int: 19    God:
Gold:   122        SH:  0    Dex: 16    Spells: 3 memorised, 4 levels left
                                        Lives:  0   Deaths: 1

rFire  . . .     SeeInvis +     (weapon unavailable)
rCold  . . .     Gourm    .     (armour unavailable)
rNeg   . . .     Faith    .     (shield unavailable)
rPois  .         Spirit   .     (helmet unavailable)
rElec  .         Dismiss  .     (cloak unavailable)
rCorr  .         Reflect  .     (gloves unavailable)
SustAt .         Harm     .     (boots unavailable)
MR     .....                    (no amulet)
Stlth  +++.......               (no ring)
                                (no ring)

@: quick, not resistant to hostile enchantments, fairly stealthy
A: no armour, no weapons or thrown items, claws 1, fangs 3, see invisible,
carnivore 3, speed 1, shaggy fur 2, slow metabolism 1, sharp paws
a: no special abilities


You were on level 3 of the Dungeon.
You were completely stuffed.

You visited 1 branch of the dungeon, and saw 3 of its levels.

You collected 122 gold pieces.

Inventory:

Hand Weapons
 i - a +0 great sword
Wands
 l - a wand of iceblast (11/15)
 q - a wand of digging (1/24)
Scrolls
 d - a scroll of teleportation {unknown}
 f - 5 scrolls of identify {unknown}
 g - a scroll of fear
 j - a scroll of enchant weapon {unknown}
Potions
 e - a potion of heal wounds {unknown}
 h - 3 potions of haste {unknown}
 k - a potion of flight {unknown}
 m - 2 potions of mutation {unknown}
 n - a potion of invisibility {unknown}
 p - a potion of brilliance {unknown}
Books
 a - a book of Conjurations

   Spells                             Type                      Level
   a - Magic Dart                     Conjuration                  1
   b - Searing Ray                    Conjuration                  2
   c - Dazzling Spray                 Conjuration/Hexes            3
   d - Fulminant Prism                Conjuration/Hexes            4
   e - Iskenderun's Mystic Blast      Conjuration                  4
   f - Iskenderun's Battlesphere      Conjuration/Charms           5
Comestibles
 b - 4 meat rations
 c - 3 chunks of flesh
 o - a slice of pizza


   Skills:
 - Level 0.6 Fighting
 + Level 5.6 Dodging
 - Level 2.6 Stealth
 + Level 0.4 Unarmed Combat
 - Level 3.5 Spellcasting
 + Level 5.0 Conjurations
 + Level 0.5 Charms


You had 4 spell levels left.
You knew the following spells:

 Your Spells              Type           Power        Failure   Level  Hunger
a - Magic Dart            Conj           ###.         1%          1    None
b - Searing Ray           Conj           ###...       3%          2    ##.....
c - Iskenderun's Battles  Conj/Chrm      ##......     96%         5    ######.


Dungeon Overview and Level Annotations

Branches:
Dungeon (3/15)

Altars:
Pakellas
Yredelemnul
The Shining One


Innate Abilities, Weirdness & Mutations

You cannot wear armour.
You are incapable of wielding weapons or throwing items.
You have sharp claws.
You have razor-sharp teeth.
You have supernaturally acute eyesight.
You are carnivorous and can eat meat at any time.
You cover ground quickly.
You are covered in thick fur (AC +2).
You have a slow metabolism.
Your sharp claws are effective at attacking unaware monsters.


Message History

The magic dart hits the kobold.
You kill the kobold!
Casting: Magic Dart
Confirm with . or Enter, or press ? or * to list all spells.
Aiming: Magic Dart
Press: ? - help, Shift-Dir - straight line, f - orc wizard
Aim: an orc wizard, wielding a dagger and wearing a robe (heavily wounded, fast)
The magic dart hits the orc wizard.
The orc wizard is heavily wounded.
The orc wizard casts a spell at you. The puff of flame hits you!
* * * LOW HITPOINT WARNING * * *
The orc wizard casts a cantrip, but nothing happens.
The orc wizard points at you and mumbles some strange words.
The magic dart hits you!
* * * LOW HITPOINT WARNING * * *
Unknown command.
The orc wizard gestures at you while chanting.
The puff of frost hits you!
You die...

......##########.#.###.##
......#... ..#.#.#....#
......#..# #.#.#.#.####
......##.#####.#.#.#.#
.................#.#.#
..........####.# #.#.#
.............#.###.#.#
..............o..#.#.#
##........##.#.#@#†#.#
#..o..oo......#.#.#.#
#########.#.###.#.#.###
#.....#...#...#
#############.#
#.............#
########.#############
..........# ..........#


You could see an orc wizard.

Vanquished Creatures
  An orc priest (D:3)
  Terence (D:2)
  Ijyb (D:2)
  Natasha (thrice) (D:2)
  Robin (D:2)
  4 gnolls (D:2)
  5 adders
  An ooze (D:3)
  5 worms
  2 giant geckos
  3 orcs (D:3)
  3 ball pythons
  3 giant cockroaches
  10 hobgoblins
  8 kobolds
  2 quokkas (D:3)
  5 bats
  3 giant newts
  12 goblins
  6 rats
79 creatures vanquished.

Notes
Turn   | Place    | Note
--------------------------------------------------------------
     0 | D:1      | KarvaRausku the Felid Conjurer began the quest for the Orb.
     0 | D:1      | Reached XP level 1. HP: 7/7 MP: 4/4
    71 | D:1      | Upgraded the game from 0.18-a0-1327-gce91241 to 0.18-a0-1353-gf2a912f
   176 | D:1      | Reached XP level 2. HP: 11/11 MP: 1/6
   939 | D:2      | Learned a level 2 spell: Searing Ray
  1013 | D:1      | Reached skill level 4 in Conjurations
  1013 | D:1      | Reached XP level 3. HP: 12/14 MP: 3/7
  1110 | D:2      | Noticed Terence
  1376 | D:2      | Killed Terence
  1476 | D:2      | Reached XP level 4. HP: 12/18 MP: 3/9
  1726 | D:2      | Slain by a gnoll
  1727 | D:2      | Reached XP level 3. HP: -3/14 MP: 8/8
  2018 | D:2      | Noticed Ijyb
  2160 | D:2      | Killed Ijyb
  2160 | D:2      | Reached XP level 4. HP: 9/18 MP: 1/9
  2350 | D:2      | Found a basalt altar of Yredelemnul.
  2379 | D:2      | Noticed Robin
  2661 | D:2      | Killed Robin
  2841 | D:2      | Found a glowing golden altar of the Shining One.
  3018 | D:2      | Found an oddly glowing altar of Pakellas.
  3137 | D:2      | Noticed Natasha
  3146 | D:2      | Killed Natasha
  3146 | D:2      | Reached skill level 5 in Dodging
  3146 | D:2      | Reached XP level 5. HP: 10/21 MP: 4/10
  3277 | D:2      | Noticed an angel
  3335 | D:2      | Noticed Natasha
  3340 | D:2      | Killed Natasha
  3621 | D:2      | Noticed Natasha
  3631 | D:2      | Killed Natasha
  3864 | D:3      | Learned a level 5 spell: Iskenderun's Battlesphere
  4008 | D:3      | Gained mutation: You are covered in thick fur (AC +2). [Felid growth]
  4008 | D:3      | Reached XP level 6. HP: 25/25 MP: 4/12
  4273 | D:3      | Reached skill level 5 in Conjurations
  4289 | D:3      | HP: 1/25 [orc wizard/magic dart (3)]
  4297 | D:3      | Killed from afar by an orc wizard

Vault maps used:
D:1:      minmay_arrival_hallway, serial_corexii_hall, corexii_hall_statues_x,
          corexii_hall_statues_u, corexii_hall_statues_t, corexii_hall_statues_s
D:2:      grunt_temple_overflow_holy_war, minmay_crystal_water,
          johnstein_pakellas_dig, uniq_natasha, uniq_robin, uniq_iyjb,
          uniq_terence

Action                   |  1- 3 |  4- 6 || total
-------------------------+-------+-------++-------
Melee: Unarmed           |    21 |    15 ||    36
 Cast: Magic Dart        |    69 |    94 ||   163
       Searing Ray       |     9 |    11 ||    20
  Use: Scroll            |       |     2 ||     2
       Potion            |       |     1 ||     1
 Stab: Sleeping          |     2 |       ||     2
  Eat: Chunk             |     7 |     8 ||    15
